 Dungeon Crawl Stone Soup version 0.29-a0-284-gf9362112df (webtiles) character file.

Game seed: 15777534004196620983

11783 bande the Cleaver (level 11, 0/68 HPs)
             Began as a Gargoyle Fighter on Mar 25, 2022.
             Slain by a catoblepas (22 damage)
             ... in a Gauntlet.
             The game lasted 00:25:43 (12293 turns).

bande the Cleaver (Gargoyle Fighter)               Turns: 12293, Time: 00:25:44

Health: 0/68       AC: 23    Str: 20    XL:     11   Next: 83%
Magic:  11/11      EV: 10    Int:  9    God:
Gold:   519        SH: 12    Dex: 19    Spells: 10/10 levels left

rFire   + + .      SeeInvis .   a - +1 war axe (spect)
rCold   . . .      Faith    .   c - +1 buckler
rNeg    + . .      Spirit   .   D - +0 plate armour
rPois   ∞          Reflect  .   (helmet restricted)
rElec   +          Harm     .   (no cloak)
rCorr   .          Rampage  .   (no gloves)
Will    +....      NoTele   +   F - +0 pair of boots "Zypsu" {rPois rF+ Will+ Dex+6}
Stlth   ..........              (no amulet)
HPRegen 0.21/turn               i - +4 ring of evasion
MPRegen 0.12/turn               p - ring of protection from fire

@: studying Unarmed Combat
A: sickness immunity, AC +8, negative energy resistance 1, electricity
resistance, torment resistance 1, petrification resistance, horns 2, large bone
plates 1, no potion heal 1
a: no special abilities


You were in a Gauntlet.
You visited 3 branches of the dungeon, and saw 11 of its levels.
You also visited: Ossuary and Gauntlet.

You collected 519 gold pieces.

Inventory:

Hand Weapons
 a - a +1 spectral war axe (weapon)
 q - a +1 hand axe of venom
 C - a +2 vorpal flail
Missiles
 r - 5 throwing nets (quivered)
Armour
 c - a +1 buckler (worn)
 D - a +0 plate armour (worn)
 F - the +0 pair of boots "Zypsu" (worn) {rPois rF+ Will+ Dex+6}
   (You found it in a Gauntlet)

   Dex:       It affects your dexterity (+6).
   rF:        It protects you from fire.
   rPois:     It protects you from poison.
   Will:      It increases your willpower.
Jewellery
 b - an amulet of faith
 i - a +4 ring of evasion (left hand)
 n - a ring of magical power
 p - a ring of protection from fire (right hand)
 s - an amulet of magic regeneration
 v - a ring of wizardry
Wands
 u - a wand of paralysis (5)
 w - a wand of iceblast (16)
Scrolls
 f - 2 scrolls of magic mapping
 g - 2 scrolls of brand weapon
 h - 3 scrolls of fear
 k - 3 scrolls of enchant weapon
 o - 4 scrolls of enchant armour
 x - a scroll of blinking {unknown}
 y - 2 scrolls of teleportation
 A - 2 scrolls of identify
 B - a scroll of amnesia
Potions
 d - a potion of might
 e - a potion of flight
 j - a potion of curing
 l - a potion of heal wounds
 m - a potion of brilliance {unknown}
 t - 2 potions of haste {unknown}
 z - 2 potions of lignification {unknown}
Miscellaneous
 E - a piece from Xom's chessboard (15/15)


   Skills:
 + Level 8.0 Fighting
 + Level 11.0 Axes
 + Level 9.3 Armour
 - Level 0.1 Dodging
 + Level 8.9 Shields
 * Level 5.8 Evocations


You had 10 spell levels left.
You didn't know any spells.
Your spell library contained the following spells:

 Spells                   Type           Power      Damage    Failure   Level
 Foxfire                  Conj/Fire      0%         2x1d4     100%        1
 Ensorcelled Hibernation  Hex/Ice        0%         N/A       100%        2
 Passwall                 Tmut/Erth      0%         N/A       100%        2
 Conjure Flame            Conj/Fire      0%         6-21      100%        3
 Gell's Gravitas          Tloc           0%         N/A       100%        3
 Inner Flame              Hex/Fire       0%         N/A       100%        3
 Lesser Beckoning         Tloc           0%         N/A       100%        3
 Swiftness                Air            0%         N/A       100%        3
 Teleport Other           Tloc           0%         N/A       100%        3
 Cause Fear               Hex            0%         N/A       100%        4
 Flame Wave               Conj/Fire      0%         2d4       100%        4
 Discord                  Hex            0%         N/A       100%        8


Dungeon Overview and Level Annotations

Branches:
Dungeon (8/15)             Temple (1/1) D:7            Lair (2/6) D:8
  Swamp (0/4) Lair:2       Spider (0/4) Lair:2      Ossuary (visited)
Gauntlet (1/1)

Altars:
Ashenzari
Cheibriados
Dithmenos
Fedhas
Gozag
Nemelex Xobeh
Okawaru
Qazlal
Ru
Sif Muna
Trog
Vehumet
Wu Jian
Xom
The Shining One

Shops:
D:8 *

Annotations:
D:3 2 transporters Gauntlet 4 transporters


Innate Abilities, Weirdness & Mutations

You are immune to sickness and miasma.
Your stone body is resilient. (AC +8)
You are immune to poison.
You resist negative energy. (rN+)
You are resistant to electric shocks. (rElec)
You are resistant to unholy torment.
You are immune to petrification.
You have a pair of horns on your head.
You are partially covered in large bone plates. (SH +4)
Potions are less effective at restoring your health.


Message History

Unknown command.
You slash the catoblepas!
The catoblepas is severely wounded.
You hit the gargoyle.
You hit the molten gargoyle but do no damage.
You block the molten gargoyle's attack. The gargoyle closely misses you.
You block the catoblepas's attack.
Unknown command.
Your system partially rejects the healing.
You feel better. The molten gargoyle misses you.
The gargoyle barely misses you.
The catoblepas gores you but does no damage.
Your system partially rejects the healing.
You feel better. You block the molten gargoyle's attack.
The gargoyle hits you with a +0 mace!
The catoblepas breathes a plume of calcifying dust at you.
The blast of calcifying dust hits you but does no damage.
The blast of calcifying dust hits the molten gargoyle.
Unknown command.
You hit the catoblepas but do no damage.
The catoblepas is severely wounded.
You closely miss the molten gargoyle. You hit the gargoyle but do no damage.
The molten gargoyle hits you but does no damage.
The gargoyle hits you with a +0 mace. The catoblepas completely misses you.
Unknown command.
You hit the catoblepas but do no damage.
The catoblepas is severely wounded.
You hit the gargoyle.
You hit the molten gargoyle but do no damage.
The molten gargoyle hits you but does no damage.
The gargoyle closely misses you. The catoblepas gores you.
Unknown command.
You hit the catoblepas but do no damage.
You headbutt the catoblepas!
The catoblepas is severely wounded.
You hit the gargoyle but do no damage.
You hit the molten gargoyle but do no damage.
You block the molten gargoyle's attack. You block the gargoyle's attack.
The catoblepas gores you!!
You die...

## ## ### #
##≈###≈###≈###≈###. ≈
#≈≈≈#≈≈≈#≈≈≈#≈≈≈#.. ..
................... ...
################## ...#
.....#8©8#.......#
...#.##.##.#...#.####..#
...##..#Y.##...#(#..##.#
#@##.#©.©#©.#©.#.#
...##99#9.######..##.#.#
...#.##.##.#...#....##.#
...# .....#.8.#.......#
... ######...#########
.. ................... ≈
#≈≈≈#≈≈≈#≈≈≈#≈≈≈#≈≈
##≈###≈###≈###≈###≈ ##
## ## ##


You could see a catoblepas, a molten gargoyle and 2 gargoyles.

Vanquished Creatures
  A green death (Gauntlet)
  3 large abominations (Gauntlet)
  A wizard (Gauntlet)
  Pikel (D:5)
  6 elephants (Lair:2)
  2 orange demons (Gauntlet)
  Prince Ribbit (D:6)
  5 flying skulls (Gauntlet)
  2 wyverns (D:8)
  2 basilisks
  7 yaks
  3 small abominations (Gauntlet)
  A water moccasin (Lair:2)
  An ice beast (D:6)
  3 black bears
  3 orc warriors
  4 wolves (Lair:2)
  A centaur (D:7)
  A lemure (D:5)
  2 phantoms
  4 bullfrogs
  A kobold brigand (D:8)
  A necrophage (D:6)
  An elf zombie (Ossuary)
  A gnoll sergeant (D:6)
  3 scorpions
  11 killer bees
  2 howler monkeys (D:7)
  A lava snake (D:8)
  A centaur zombie (Ossuary)
  5 orc priests
  2 human zombies (Ossuary)
  A gnoll shaman (D:5)
  4 hounds
  A jelly (D:6)
  6 iguanas
  7 orc wizards
  2 mummies (Ossuary)
  11 gnolls
  9 adders
  2 shadow imps
  A worm (D:2)
  4 dart slugs
  36 orcs
  7 ball pythons
  7 endoplasms
  5 giant cockroaches
  17 hobgoblins
  8 jackals
  14 kobolds
  2 quokkas (D:2)
  4 bats
  5 frilled lizards
  17 goblins
  A goblin zombie (Ossuary)
  8 hobgoblin zombies (Ossuary)
  3 jackal zombies (Ossuary)
  13 kobold zombies (Ossuary)
  8 orc zombies (Ossuary)
  2 rats (D:1)
288 creatures vanquished.

Vanquished Creatures (others)
  An orc wizard (D:8)
  2 fungi
  24 plants
  A withered plant (D:3)
28 creatures vanquished.

Grand Total: 316 creatures vanquished

Notes
Turn   | Place    | Note
-------+----------+-------------------------------------------
     0 | D:1      | bande the Gargoyle Fighter began the quest for the Orb.
     0 | D:1      | Reached XP level 1. HP: 14/14 MP: 1/1
   524 | D:1      | Reached XP level 2. HP: 19/19 MP: 2/2
   753 | D:1      | Reached skill level 2 in Axes
   816 | D:1      | Reached XP level 3. HP: 24/24 MP: 3/3
  1849 | D:2      | Reached XP level 4. HP: 29/29 MP: 4/4
  2570 | D:3      | Gained mutation: Potions are less effective at restoring
                  | your health. [potion of mutation]
  2570 | D:3      | Gained mutation: You have hidden genetic potential. [potion
                  | of mutation]
  2570 | D:3      | Gained mutation: You have a pair of small horns on your
                  | head. [potion of mutation]
  2669 | D:3      | Found a transporter.
  2680 | D:3      | Found a transporter.
  2843 | D:3      | Reached skill level 3 in Axes
  2843 | D:3      | Reached XP level 5. HP: 24/33 MP: 5/5
  3032 | D:3      | Found a faded altar of an unknown god.
  3289 | D:4      | Found a sand-covered staircase.
  3294 | Ossuary  | Entered an ossuary
  3312 | Ossuary  | Gained mutation: You have a pair of horns on your head.
                  | [hidden potential]
  3436 | Ossuary  | Reached skill level 4 in Axes
  3436 | Ossuary  | Reached XP level 6. HP: 26/38 MP: 6/6
  3443 | Ossuary  | Gained mutation: You are partially covered in large bone
                  | plates. (SH +4) [hidden potential]
  3443 | Ossuary  | Lost mutation: You have hidden genetic potential. [hidden
                  | potential expressed]
  3828 | D:4      | Reached XP level 7. HP: 24/44 MP: 7/7
  4047 | D:4      | Reached skill level 5 in Axes
  4402 | D:4      | Reached skill level 5 in Armour
  5093 | D:5      | Entered Level 5 of the Dungeon
  5298 | D:5      | Noticed Pikel
  5316 | D:5      | Killed Pikel
  5317 | D:5      | Reached skill level 5 in Fighting
  5317 | D:5      | Reached skill level 6 in Axes
  5317 | D:5      | Reached skill level 5 in Shields
  5317 | D:5      | Reached XP level 8. HP: 39/49 MP: 8/8
  5402 | D:5      | Found a shimmering altar of Xom.
  5631 | D:5      | Reached skill level 7 in Axes
  5656 | D:5      | Found a radiant altar of Vehumet.
  6286 | D:6      | Noticed Prince Ribbit
  6294 | D:6      | Killed Prince Ribbit
  6295 | D:6      | Reached XP level 9. HP: 37/55 MP: 9/9
  6411 | D:6      | Found a broken altar of Ashenzari.
  6415 | D:6      | Saw a vision of the Swamp and the Spider Nest.
  6415 | D:6      | Noticed an alligator
  6415 | D:6      | Noticed a will-o-the-wisp
  6416 | D:6      | Noticed a will-o-the-wisp
  6686 | D:6      | Reached skill level 8 in Axes
  6763 | D:6      | Reached skill level 1 in Evocations
  7538 | D:7      | Found a staircase to the Ecumenical Temple.
  7574 | Temple   | Entered the Ecumenical Temple
  7872 | D:8      | Reached XP level 10. HP: 44/61 MP: 10/10
  8188 | D:7      | Reached skill level 9 in Axes
  9223 | D:8      | Found a staircase to the Lair.
  9909 | D:8      | Found a shimmering blue altar of Sif Muna.
 10083 | D:8      | Found a bloodstained altar of Trog.
 10150 | D:8      | Found Gozag's Platinum Reserve.
 10157 | D:8      | Found an opulent altar of Gozag.
 10787 | Lair:1   | Entered Level 1 of the Lair of Beasts
 10787 | Lair:1   | You fall into a shaft and drop 1 floor!
 10875 | Lair:2   | Noticed an elephant
 10880 | Lair:2   | Noticed an elephant
 10891 | Lair:2   | Killed an elephant
 10893 | Lair:2   | Killed an elephant
 10894 | Lair:2   | Reached skill level 10 in Axes
 10899 | Lair:2   | Noticed an elephant
 10900 | Lair:2   | Noticed an elephant
 10907 | Lair:2   | Noticed an elephant
 10911 | Lair:2   | Killed an elephant
 10911 | Lair:2   | Noticed an elephant
 10912 | Lair:2   | Reached XP level 11. HP: 19/67 MP: 11/11
 10923 | Lair:2   | Reached skill level 5 in Evocations
 10962 | Lair:2   | Found a hole to the Spider Nest.
 10985 | Lair:2   | Found a gate leading to a gauntlet.
 10988 | Lair:2   | Found a staircase to the Swamp.
 10988 | Lair:2   | Noticed a bog body
 10993 | Gauntlet | Entered a Gauntlet
 10993 | Gauntlet | Found a transporter.
 11097 | Gauntlet | Found a transporter.
 11100 | Gauntlet | Found a transporter.
 11102 | Gauntlet | Noticed a wizard
 11108 | Gauntlet | Found a transporter.
 11112 | Gauntlet | Found a transporter.
 11149 | Gauntlet | Found a transporter.
 11418 | Gauntlet | Found a transporter.
 11418 | Gauntlet | Noticed a large abomination
 11420 | Gauntlet | Noticed a large abomination
 11423 | Gauntlet | Killed a wizard
 11449 | Gauntlet | Found a transporter.
 11449 | Gauntlet | Found a transporter.
 11449 | Gauntlet | Found a transporter.
 11458 | Gauntlet | Killed a large abomination
 11476 | Gauntlet | Killed a large abomination
 11953 | Gauntlet | Noticed a green death
 11956 | Gauntlet | Identified the +0 pair of boots "Zypsu" {rPois rF+ Will+
                  | Dex+6}
 11974 | Gauntlet | Found a transporter.
 11974 | Gauntlet | Found a transporter.
 11976 | Gauntlet | Found a transporter.
 11977 | Gauntlet | Noticed a catoblepas
 11985 | Gauntlet | Killed a green death
 11986 | Gauntlet | Reached skill level 11 in Axes
 12293 | Gauntlet | Slain by a catoblepas

Illustrated notes

Levels and vault maps discovered:
D:1:      shiori_arrival_maze, layout_rooms, kennysheep_small_spiral,
          chequers_serial_rivers_micro_a
D:2:      layout_basic
D:3:      gammafunk_steamed_eel, layout_loops_ring,
          shapermc_ecumenical_altar_flowoftime, minmay_misc_feat_five
D:4:      corexii_shantytown, layout_basic, enter_ossuary_2, chequers_big_river
D:5:      layout_loops_corners, vehumet_crystals, mainiacjoe_overflow_chevrons,
          uniq_pikel
D:6:      layout_loops_corners, grunt_ashenzari_visionary
          [grunt_ashenzari_visionary_swamp, grunt_ashenzari_visionary_spider],
          uniq_prince_ribbit1
D:7:      layout_basic, minmay_temple_entry_water_ring,
          hangedman_abyss_or_decor_slice
D:8:      layout_layer_cave, nicolae_gozag_zags_fifth_avenue,
          trog_hazing_becter, kennysheep_orc_sif_temple, david_lair_generic,
          chequers_serial_rivers_room_a, nicolae_lava_and_water
Temple:   compressed_dpeg_triangle_lava_temple
Lair:1:   layout_small_grid, maelrawn_ghost_gauntlet_escape,
          beast_lair_carwin_8, serial_bayou_shore_a, grunt_megastairs_3,
          infiniplex_staircase_pool, lemuel_fruit_tree
Lair:2:   layout_gridlike, skrybe_swamp_entry_bodies,
          nicolae_spider_entry_tight_spaces, gauntlet_entry_generic, st_stairs_9
Gauntlet: gammafunk_gauntlet_77_escape_option
          [minmay_gauntlet_arena_77_checkered,
          minmay_gauntlet_arena_77_terracotta_army,
          minmay_gauntlet_arena_77_fan, minmay_gauntlet_arena_77_hold_the_fort,
          minmay_gauntlet_arena_77_braids,
          nicolae_gauntlet_exit_dead_adventurers]

Skill      XL: |  1  2  3  4  5  6  7  8  9 10 11 |
---------------+----------------------------------+-----
Axes           | 2 3 4 6 7 8 10 11 | 11.0
Armour         | 4 5 6 7 8 9 |  9.3
Fighting       | 4 5 6 7 8 |  8.0
Shields        | 4 5 6 7 8 |  8.9
Evocations     | 2 4 5 |  5.8
Dodging        | |  0.1

Action                   |  1- 3 |  4- 6 |  7- 9 | 10-12 || total
-------------------------+-------+-------+-------+-------++-------
Melee: War axe           |   113 |   131 |   230 |   215 ||   689
       Headbutt          |       |    20 |    41 |    50 ||   111
  Use: Scroll            |       |    10 |     4 |     2 ||    16
       Potion            |       |     1 |       |     5 ||     6
 Stab: Distracted        |       |     1 |       |       ||     1
Armor: Scale mail        |    48 |    51 |    72 |    38 ||   209
       Plate armour      |       |       |       |    92 ||    92
Dodge: Dodged            |    69 |    86 |   131 |   104 ||   390
Block: Buckler           |    24 |    31 |   133 |   144 ||   332

Table legend: (Time is in decaauts)
 A = Elapsed time spent in this place.
 B = Non-inter-level travel time spent in this place.
 C = Inter-level travel time spent in this place.
 D = Time resting spent in this place.
 E = Time spent auto-exploring this place.
 F = Levels seen in this place.
 G = Mean time per level.
                   A        B        C        D        E       F      G
               +--------+--------+--------+--------+--------+-----+--------+
         Total |  12472 |  12278 |    194 |   2978 |   6769 |  13 |  959.4 |
       Dungeon |  10434 |  10240 |    194 |   1862 |   6567 |   8 | 1304.2 |
        Temple |     93 |     93 |      0 |      0 |      0 |   1 |   93.0 |
          Lair |    206 |    206 |      0 |      0 |     68 |   2 |  103.0 |
       Ossuary |    437 |    437 |      0 |     86 |    134 |   1 |  437.0 |
      Gauntlet |   1299 |   1299 |      0 |   1030 |      0 |   1 | 1299.0 |
               +--------+--------+--------+--------+--------+-----+--------+

Top non-repeatable levels by time:
     D:8: 2268 daAuts
     D:4: 1502 daAuts
     D:6: 1346 daAuts
     D:2: 1324 daAuts
Gauntlet: 1299 daAuts
     D:1: 1238 daAuts
     D:5: 1091 daAuts
     D:7: 946 daAuts
     D:3: 716 daAuts
 Ossuary: 437 daAuts
  Lair:2: 206 daAuts
  Temple: 93 daAuts
